 Dungeon Crawl Stone Soup version 0.21.1-1-g345015f (webtiles) character file.

667 Melicamp the Fighter (level 7, -3/100 HPs)
             Began as a Gnoll Wanderer on Apr 2, 2018.
             Slain by Prince Ribbit (7 damage)
             ... on level 4 of the Dungeon.
             The game lasted 00:22:53 (7577 turns).

Melicamp the Fighter (Gnoll Wanderer)               Turns: 7577, Time: 00:22:54

Health: -3/100     AC: 23    Str: 14    XL:     7   Next: 57%
Magic:  10/10      EV:  2    Int: 13    God:
Gold:   141        SH:  0    Dex: 18    Spells: 11/11 levels left

rFire    . . .     SeeInvis .   f - +0 mace
rCold    . . .     Gourm    .   (no shield)
rNeg     + + +     Faith    .   (armour currently unavailable)
rPois    +         Spirit   .   (helmet currently unavailable)
rElec    .         Reflect  .   (cloak currently unavailable)
rCorr    .         Harm     .   (gloves currently unavailable)
MR       .....     NoTele   +   (boots currently unavailable)
Stlth    +++.......             (no amulet)
HPRegen  0.26/turn              (no ring)
MPRegen  0.12/turn              (no ring)

@: tree-form, hasted, very quick
A: distributed training, strong nose
a: no special abilities


You were on level 4 of the Dungeon.
You were not hungry.
You were a tree.
You visited 1 branch of the dungeon, and saw 5 of its levels.

You collected 141 gold pieces.

Inventory:

Hand Weapons
 f - a +0 mace (weapon)
 h - a +0 whip of electrocution
 n - a +2 dagger of venom
Missiles
 k - 75 stones (quivered)
 l - 20 arrows
Armour
 r - a +0 ring mail (melded)
Jewellery
 a - an uncursed ring of stealth {unknown}
 j - an uncursed ring of magical power {unknown}
Wands
 w - a wand of iceblast (6)
Scrolls
 b - a scroll of fear
 i - a scroll of fog
 q - a scroll of magic mapping
Potions
 c - a potion of mutation {unknown}
 g - a potion of haste
 m - a potion of flight
 o - a potion of agility {unknown}
 s - 3 potions of brilliance {unknown}
 t - a potion of resistance {unknown}
Comestibles
 p - 3 rations
 v - 2 chunks of flesh


   Skills:
 + Level 10.6 Fighting
 + Level 2.5 Short Blades
 + Level 2.5 Long Blades
 + Level 2.5 Axes
 + Level 3.6 Maces & Flails
 + Level 2.5 Polearms
 + Level 2.5 Staves
 + Level 2.5 Slings
 + Level 2.5 Bows
 + Level 2.5 Crossbows
 + Level 3.6 Throwing
 + Level 2.5 Armour
 + Level 3.6 Dodging
 + Level 3.5 Stealth
 + Level 2.5 Shields
 + Level 3.6 Unarmed Combat
 + Level 2.5 Spellcasting
 + Level 2.0 Conjurations
 + Level 2.0 Hexes
 + Level 2.0 Charms
 + Level 2.0 Summonings
 + Level 2.0 Necromancy
 + Level 2.0 Translocations
 + Level 2.0 Transmutations
 + Level 2.0 Fire Magic
 + Level 2.0 Ice Magic
 + Level 2.0 Air Magic
 + Level 2.0 Earth Magic
 + Level 2.0 Poison Magic
 + Level 2.8 Invocations
 + Level 2.5 Evocations


You had 11 spell levels left.
You didn't know any spells.

Dungeon Overview and Level Annotations

Branches:
Dungeon (5/15)
 Temple: D:4-7

Altars:
Elyvilon
Xom

Shops:
D:4 [

Annotations:
D:4 exclusions: slave and 4 more exclusions, Prince Ribbit


Innate Abilities, Weirdness & Mutations

Your experience applies equally to all skills.
((You have very sharp teeth.))
Your uncanny sense of smell can sniff out nearby items.


Message History

Level annotation: exclusions: slave and 4 more exclusions
There is a stone staircase leading down here.
You feel much better.
Prince Ribbit blinks!
Okay, then.
You feel yourself speed up.
Prince Ribbit blinks!
Prince Ribbit hits you!
* * * LOW HITPOINT WARNING * * *
You feel much better. Prince Ribbit hits you!
* * * LOW HITPOINT WARNING * * *
Okay, then.
You hit Prince Ribbit. Your bite misses Prince Ribbit.
Prince Ribbit is severely wounded.
Prince Ribbit completely misses you.
You hit Prince Ribbit.
Prince Ribbit is severely wounded.
Prince Ribbit hits you!
* * * LOW HITPOINT WARNING * * *
You turn into a tree.
Your +0 ring mail melds into your body.
Your roots penetrate the ground.
Prince Ribbit hits you!
You die...

###
#.###.........##.#
#.# #.....#.......
#.# ##........##.#
#.# ##..##....#.#
###.###
#..##.......
#.....#
#..###...###
#.....###..# #.#.#
#......##..# #...#
#.>♣F..##..# ###.#
#......##..# #.###
######[##..# #....
#.##..# ####..
#.##..####.....
#..........##..
####..########.
########.)########.
#........<.........


You could see Prince Ribbit.

Vanquished Creatures
  A phantom (D:4)
  The ghost of Eltigrechino the Sneak, an amateur SpAs (D:3)
  A jelly (D:5)
  An orc priest (D:5)
  5 orc wizards
  An iguana (D:3)
  4 worker ants
  3 gnolls (D:4)
  6 adders
  An ooze (D:1)
  3 worms
  A dart slug (D:2)
  2 leopard geckos (D:2)
  13 orcs
  2 giant cockroaches
  6 goblins
  5 hobgoblins
  13 jackals
  2 quokkas
  A bat (D:3)
  5 frilled lizards
  A jackal skeleton (D:4)
  8 kobolds
  A leopard gecko skeleton (D:4)
  7 rats
94 creatures vanquished.

Notes
Turn   | Place    | Note
-------+----------+-------------------------------------------
     0 | D:1      | Reached skill level 10 in Fighting
     0 | D:1      | Melicamp the Gnoll Wanderer began the quest for the Orb.
     0 | D:1      | Melicamp set off with: a potion of berserk rage, a scroll of fear, a potion of curing, a potion of lignification, a +0 robe, a +0 dagger, a ration
     0 | D:1      | Reached XP level 1. HP: 28/28 MP: 1/1
   203 | D:1      | Reached XP level 2. HP: 35/36 MP: 2/2
  1164 | D:2      | Reached XP level 3. HP: 34/42 MP: 3/3
  1302 | D:2      | Reached skill level 1 in Invocations
  2087 | D:2      | Reached skill level 1 in Short Blades
  2087 | D:2      | Reached skill level 1 in Long Blades
  2087 | D:2      | Reached skill level 1 in Axes
  2087 | D:2      | Reached skill level 1 in Polearms
  2087 | D:2      | Reached skill level 1 in Staves
  2087 | D:2      | Reached skill level 1 in Slings
  2087 | D:2      | Reached skill level 1 in Bows
  2087 | D:2      | Reached skill level 1 in Crossbows
  2087 | D:2      | Reached skill level 1 in Armour
  2087 | D:2      | Reached skill level 1 in Shields
  2087 | D:2      | Reached skill level 1 in Spellcasting
  2087 | D:2      | Reached skill level 1 in Evocations
  2087 | D:2      | Reached XP level 4. HP: 35/48 MP: 5/5
  2336 | D:2      | Found a shimmering altar of Xom.
  3599 | D:3      | Reached skill level 1 in Conjurations
  3599 | D:3      | Reached skill level 1 in Hexes
  3599 | D:3      | Reached skill level 1 in Charms
  3599 | D:3      | Reached skill level 1 in Summonings
  3599 | D:3      | Reached skill level 1 in Necromancy
  3599 | D:3      | Reached skill level 1 in Translocations
  3599 | D:3      | Reached skill level 1 in Transmutations
  3599 | D:3      | Reached skill level 1 in Fire Magic
  3599 | D:3      | Reached skill level 1 in Ice Magic
  3599 | D:3      | Reached skill level 1 in Air Magic
  3599 | D:3      | Reached skill level 1 in Earth Magic
  3599 | D:3      | Reached skill level 1 in Poison Magic
  3907 | D:3      | Noticed Eltigrechino's ghost (amateur SpAs)
  4047 | D:2      | Reached XP level 5. HP: 22/54 MP: 6/6
  4708 | D:3      | Killed Eltigrechino's ghost
  4708 | D:3      | Reached XP level 6. HP: 41/61 MP: 8/8
  5269 | D:4      | Noticed a phantom
  5325 | D:4      | Killed a phantom
  5819 | D:4      | Noticed a slave
  5819 | D:4      | Noticed a slave
  5991 | D:4      | Found a white marble altar of Elyvilon.
  6031 | D:4      | Reached XP level 7. HP: 55/67 MP: 10/10
  6679 | D:4      | Found Asisaa's Armour Emporium.
  6874 | D:5      | Entered Level 5 of the Dungeon
  7532 | D:5      | Noticed Prince Ribbit
  7576 | D:4      | HP: 3/67 [Prince Ribbit (14)]
  7577 | D:4      | Slain by Prince Ribbit

Skill      XL: |  1  2  3  4  5  6  7 |
---------------+----------------------+-----
Fighting       | | 10.6
Invocations    | 1 2 |  2.8
Short Blades   | 1 2 |  2.5
Long Blades    | 1 2 |  2.5
Axes           | 1 2 |  2.5
Polearms       | 1 2 |  2.5
Staves         | 1 2 |  2.5
Slings         | 1 2 |  2.5
Bows           | 1 2 |  2.5
Crossbows      | 1 2 |  2.5
Armour         | 1 2 |  2.5
Shields        | 1 2 |  2.5
Spellcasting   | 1 2 |  2.5
Evocations     | 1 2 |  2.5
Conjurations   | 1 2 |  2.0
Hexes          | 1 2 |  2.0
Charms         | 1 2 |  2.0
Summonings     | 1 2 |  2.0
Necromancy     | 1 2 |  2.0
Translocations | 1 2 |  2.0
Transmutations | 1 2 |  2.0
Fire Magic     | 1 2 |  2.0
Ice Magic      | 1 2 |  2.0
Air Magic      | 1 2 |  2.0
Earth Magic    | 1 2 |  2.0
Poison Magic   | 1 2 |  2.0
Maces & Flails | 3 |  3.6
Throwing       | 3 |  3.6
Dodging        | 3 |  3.6
Unarmed Combat | 3 |  3.6
Stealth        | 3 |  3.5

Action                   |  1- 3 |  4- 6 |  7- 9 || total
-------------------------+-------+-------+-------++-------
Melee: Dagger            |   146 |   169 |       ||   315
       Bite              |    15 |    35 |    14 ||    64
       Punch             |     1 |     4 |     4 ||     9
       Flail             |       |   115 |       ||   115
       Mace              |       |     7 |    98 ||   105
Throw: Stone             |    17 |    70 |    22 ||   109
  Use: Scroll            |       |     4 |     3 ||     7
       Potion            |       |     1 |     7 ||     8
 Stab: Sleeping          |     7 |     1 |     1 ||     9
  Eat: Chunk             |     1 |    12 |     2 ||    15
       Ration            |     1 |       |     1 ||     2
Armor: Robe              |    15 |    21 |       ||    36
       Leather armour    |       |    21 |       ||    21
       Ring mail         |       |    12 |    15 ||    27
       Skin              |       |       |     3 ||     3
Dodge: Dodged            |    73 |   175 |    59 ||   307
